 Dungeon Crawl Stone Soup version 0.20.0-15-g7f486f2 (webtiles) character file.

95 blackwizard the Chiller (level 4, -8/40 HPs)
             Began as a Troll Ice Elementalist on June 15, 2017.
             Mangled by Sigmund
             ... wielding a +0 scythe
              (9 damage)
             ... on level 2 of the Dungeon.
             The game lasted 00:08:30 (1349 turns).

blackwizard the Chiller (Troll Ice Elementalist)    Turns: 1349, Time: 00:08:31

Health: -8/40      AC:  5    Str: 16    XL:     4   Next: 40%
Magic:  6/6        EV: 10    Int: 12    God:
Gold:   52         SH:  0    Dex: 10    Spells: 6/7 levels left

rFire    . . .     SeeInvis .   k - +0 spear
rCold    . . .     Gourm    +   (no shield)
rNeg     . . .     Faith    .   a - +0 robe
rPois    .         Spirit   .   (helmet restricted)
rElec    .         Reflect  .   (no cloak)
rCorr    .         Harm     .   (gloves unavailable)
MR       .....                  (boots unavailable)
Stlth    +.........             (no amulet)
Regen    0.6/turn               (no ring)
MPRegen  0.1/turn               (no ring)

@: no status effects
A: unfitting armour, claws 3, fast metabolism 3, gourmand, regeneration 1,
shaggy fur 1, tough skin 2
a: no special abilities


You were on level 2 of the Dungeon.
You were hungry.

You visited 1 branch of the dungeon, and saw 2 of its levels.

You collected 52 gold pieces.

Inventory:

Hand Weapons
 k - a +0 spear (weapon)
 o - a +0 flail
 p - a +0 mace of crushing
 s - a +0 mace
Missiles
 j - 59 stones (quivered)
 m - 5 javelins
Armour
 a - a +0 robe (worn)
 q - a +0 leather armour
Scrolls
 d - 3 scrolls of identify {unknown}
 e - 3 scrolls of remove curse {unknown}
 h - a scroll of enchant armour {unknown}
 n - a scroll of blinking {unknown}
Potions
 g - a potion of lignification {unknown}
 i - a potion of magic {unknown}
 l - a potion of agility {unknown}
 r - a potion of curing {unknown}
Books
 b - a book of Frost

   Spells                             Type                      Level
   a - Freeze                         Ice                          1
   b - Throw Frost                    Conjuration/Ice              2
   c - Ozocubu's Armour               Charms/Ice                   3
   d - Throw Icicle                   Conjuration/Ice              4
   e - Summon Ice Beast               Ice/Summoning                4
Comestibles
 c - a bread ration
 f - 2 chunks of flesh


   Skills:
 + Level 0.4 Fighting
 + Level 0.2 Polearms
 + Level 2.1 Dodging
 + Level 1.1 Stealth
 + Level 0.2 Unarmed Combat
 + Level 2.0 Spellcasting
   Level 0.6 Conjurations
 + Level 2.8 Ice Magic


You had 6 spell levels left.
You knew the following spells:

 Your Spells              Type           Power        Failure   Level  Hunger
a - Freeze                Ice            #...         9%          1    ##.....


Dungeon Overview and Level Annotations

Branches:
Dungeon (2/15)

Altars:

Annotations:
D:2 Sigmund


Innate Abilities, Weirdness & Mutations

You are too large for most types of armour.
You have claws for hands.
Your metabolism is lightning-fast.
You like to eat raw meat.
Your natural rate of healing is unusually fast.
You are covered in fur. (AC +1)
You have very tough skin. (AC +2)


Message History

You swing at nothing.
You feel less wooden.
Your +0 robe unmelds from your body.
Something hits you!
You swing at nothing.
Something hits you.
You swing at nothing.
Something hits you. Something hits you.
A magic dart appears from out of thin air!
The magic dart hits you!
You see here a puce potion.
You hear some strange, mumbled words.
A puff of flame appears from out of thin air!
The puff of flame hits you!
You hear some strange, mumbled words.
A puff of flame appears from out of thin air!
The puff of flame hits you!
* * * LOW HITPOINT WARNING * * *
Something hits you!
* * * LOW HITPOINT WARNING * * *
Something hits you!
You die...

#........########.#### #.......#
#........# #.# ###.#####
#.....>..# ##'## #.# ##.......#
##...## #.# ###.##### ##.....##
#.# #.##.## ##.......## ##.##
####.#>..####.........####...###
............'.........'........#
####.#...####...@.{...####...#.#
#.##.## ##<......## #...#.#
#.###### ##....!## #.#.#.#
#......# ##...## #(....#
######.# ##'## ###.### #.#
#.##########.#
#.#######.........##.#
#......##.##...##.##.#
#..###.#...#...##.##.#


There were no monsters in sight!

Vanquished Creatures
  4 gnolls (D:2)
  An adder (D:2)
  2 oozes (D:2)
  A dart slug (D:2)
  A leopard gecko (D:1)
  3 giant cockroaches (D:2)
  3 hobgoblins
  3 jackals (D:1)
  4 kobolds
  5 bats
  A frilled lizard (D:1)
  6 goblins
  4 rats
38 creatures vanquished.

Notes
Turn   | Place    | Note
-------+----------+-------------------------------------------
     0 | D:1      | blackwizard the Troll Ice Elementalist began the quest for the Orb.
     0 | D:1      | Reached XP level 1. HP: 16/16 MP: 1/1
   194 | D:1      | Reached XP level 2. HP: 24/24 MP: 3/3
   611 | D:2      | Reached XP level 3. HP: 25/31 MP: 1/4
   863 | D:2      | Reached XP level 4. HP: 40/40 MP: 0/5
  1159 | D:2      | Noticed Sigmund
  1348 | D:2      | HP: 1/40 [something (10)]
  1349 | D:2      | Mangled by Sigmund

Skill      XL: |  1  2  3  4 |
---------------+-------------+-----
Dodging        | 2 |  2.1
Spellcasting   | 2 |  2.0
Fighting       | |  0.4
Polearms       | |  0.2
Stealth        | |  1.1
Unarmed Combat | |  0.2
Conjurations   | |  0.6
Ice Magic      | |  2.8

Action                   |  1- 3 |  4- 6 || total
-------------------------+-------+-------++-------
Melee: Unarmed           |    12 |     1 ||    13
       Spear             |    21 |    36 ||    57
 Cast: Freeze            |    34 |    21 ||    55
  Eat: Chunk             |     5 |     1 ||     6
       Bread ration      |     1 |       ||     1
Armor: Robe              |    28 |    26 ||    54
       Skin              |       |     3 ||     3
Dodge: Dodged            |    58 |    38 ||    96
